 Dungeon Crawl Stone Soup version 0.28-a0-1184-g53156a8862 (webtiles) character file.

Game seed: 1060758389047529898

55 ytrimaz the Insei (level 3, 0/23 HPs)
             Began as an Octopode Transmuter on Dec 17, 2021.
             Killed from afar by an orc wizard (4 damage)
             ... with a magic dart
             ... on level 2 of the Dungeon.
             The game lasted 00:01:05 (1139 turns).

ytrimaz the Insei (Octopode Transmuter)             Turns: 1139, Time: 00:01:06

Health: 0/23       AC:  1    Str:  9    XL:     3   Next: 93%
Magic:  6/6        EV: 13    Int: 17    God:
Gold:   61         SH:  0    Dex: 12    Spells: 1/7 levels left

rFire   . . .      SeeInvis .     - Unarmed
rCold   . . .      Faith    .   (no shield)
rNeg    . . .      Spirit   .   (helmet currently unavailable)
rPois   .          Reflect  .   a - amulet of regeneration
rElec   .          Harm     .   (no ring)
rCorr   .          Rampage  .   (no ring)
Will    .....                   (no ring)
Stlth   ++........              (no ring)
HPRegen 0.87/turn               (no ring)
MPRegen 0.10/turn               (no ring)
                                (no ring)
                                (no ring)

@: appendages (expiring)
A: tentacle spike 3, almost no armour, amphibious, 8 rings, camouflage 1,
gelatinous body 1, (nimble swimmer 1), tentacles
a: End Transformation


You were on level 2 of the Dungeon.
One of your tentacles had grown a beastly spike.
You visited 1 branch of the dungeon, and saw 2 of its levels.

You collected 61 gold pieces.

Inventory:

Jewellery
 a - an amulet of regeneration (around mantle)


   Skills:
 * Level 1.6 Fighting
 - Level 2.0 Dodging
 + Level 3.6 Unarmed Combat
 * Level 2.6 Spellcasting
 * Level 2.5 Transmutations


You had one spell level left.
You knew the following spells:

 Your Spells              Type           Power      Damage    Failure   Level
a - Beastly Appendage     Tmut           20%        N/A       6%          1
b - Wereblood             Tmut           10%        N/A       10%         2
c - Spider Form           Tmut/Pois      6%         N/A       32%         3

Your spell library contained the following spells:

 Spells                   Type           Power      Damage    Failure   Level
 Ice Form                 Ice/Tmut       6%         N/A       71%         4


Dungeon Overview and Level Annotations

Branches:
Dungeon (2/15)

Altars:


Innate Abilities, Weirdness & Mutations

One of your tentacles has grown a beastly spike.
You cannot wear most types of armour.
You are amphibious.
You can wear up to eight rings at the same time.
Your skin changes colour to match your surroundings (Stealth+).
Your rubbery body absorbs attacks. (AC +1, EV +1)
((You are camouflaged near water. (Stealth+)))
You have tentacles for arms and can constrict up to eight enemies at once.


Message History

Memorise Spider Form, consuming 3 spell levels and leaving 1?
You start memorising the spell.
You continue memorising. x3
You finish memorising.
Spell assigned to 'c'.
Unknown command.
Items here: ))) [[ ††.
Things that are here:
a +0 short sword; a +0 scale mail; an orc corpse You now have 61 gold pieces (gained 10).
Found 17 arrows.
An orc wizard comes into view.
It is wielding a +1 dagger of protection.
An orc wizard is nearby!
An orc wizard is nearby!
One of your tentacles grows a vicious spike.
The orc wizard shouts!
The orc wizard gestures at you while chanting.
The magic dart hits you!
The orc wizard mumbles some strange words.
The orc wizard flickers and vanishes!
Deactivating autopickup; reactivate with Ctrl-A.
You tentacle-slap something but do no damage.
Your tentacle spike misses something.
Something hits you.
Unknown command.
You miss something. You squeeze something. You miss something.
You squeeze something.
Your transformation is almost over.
Something hits you.
Unknown command.
You tentacle-slap something. You squeeze something. Something hits you.
You miss something.
Your tentacle spike misses something.
You squeeze something. Something hits you.
You barely miss something.
Your tentacle spike misses something.
You squeeze something. Something hits you.
You miss something.
Your tentacle spike misses something.
Your squeeze misses something. Something hits you.
* * * LOW HITPOINT WARNING * * *
You tentacle-slap something but do no damage.
You hear some strange, mumbled words.
A magic dart appears from out of thin air!
The magic dart hits you.
You die...

#......# #############
#......#
#...........#####..._..#
#.########..............
#.# #..#####....... #.#
#..# #.#.#### #.#
####..#####.#.#
#.#####...........#.#
#.##...@{......####.#
#.##.##.##..##.# .#
#.##.##.##..##.# ..
#...........##.. ..
####.##..#.# ### #.###(#
#.# .# #)# .# #)#


There were no monsters in sight!

Vanquished Creatures
  An orc wizard (D:2)
  3 orcs (D:2)
  3 endoplasms
  2 goblins (D:1)
  2 hobgoblins
  A kobold (D:1)
  4 quokkas (D:1)
  3 ball pythons
  3 bats (D:1)
  3 frilled lizards (D:1)
25 creatures vanquished.

Notes
Turn   | Place    | Note
-------+----------+-------------------------------------------
     0 | D:1      | ytrimaz the Octopode Transmuter began the quest for the
                  | Orb.
     0 | D:1      | Reached XP level 1. HP: 13/13 MP: 3/3
   196 | D:1      | Reached XP level 2. HP: 5/18 MP: 5/5
   422 | D:1      | Learned a level 2 spell: Wereblood
  1033 | D:2      | Found a faded altar of an unknown god.
  1090 | D:2      | Reached XP level 3. HP: 6/23 MP: 3/6
  1119 | D:2      | Learned a level 3 spell: Spider Form
  1139 | D:2      | Killed from afar by an orc wizard

Illustrated notes

Levels and vault maps discovered:
D:1:      minmay_arrival_up_and_down, layout_basic, corexii_corridor_pit
D:2:      layout_loops_ring, ebering_ecumenical_altar_sacrificial

Action                   || total
-------------------------++-------
Melee: Unarmed           ||    73
       Kick              ||    10
       Constrict         ||    19
       Tentacles         ||    15
 Cast: Beastly Appendage ||    10
       Wereblood         ||     1
  Use: Scroll            ||     1
 Stab: Sleeping          ||     1
Armor: Skin              ||     8
Dodge: Dodged            ||    52

Table legend: (Time is in decaauts)
 A = Elapsed time spent in this place.
 B = Non-inter-level travel time spent in this place.
 C = Inter-level travel time spent in this place.
 D = Time resting spent in this place.
 E = Time spent auto-exploring this place.
 F = Levels seen in this place.
 G = Mean time per level.
                   A        B        C        D        E       F      G
               +--------+--------+--------+--------+--------+-----+--------+
         Total |   1133 |   1110 |     23 |     13 |    912 |   2 |  566.5 |
       Dungeon |   1133 |   1110 |     23 |     13 |    912 |   2 |  566.5 |
               +--------+--------+--------+--------+--------+-----+--------+

Top non-repeatable levels by time:
     D:1: 1028 daAuts
     D:2: 105 daAuts
